 Dungeon Crawl Stone Soup version 0.25.1-8-g42b30a86e7 (webtiles) character file.

Game seed: 16500282881142485349

51 Allula97 the Skirmisher (level 3, -5/29 HPs)
             Began as a Demonspawn Fighter on Dec 12, 2020.
             Was an Initiate of Qazlal.
             Killed from afar by Sigmund (12 damage)
             ... with a magic dart
             ... on level 3 of the Dungeon.
             The game lasted 00:09:44 (1962 turns).

Allula97 the Skirmisher (Demonspawn Fighter)        Turns: 1962, Time: 00:09:45

Health: -5/29      AC:  9    Str: 17    XL:     3   Next: 58%
Magic:  3/3        EV:  7    Int:  9    God:    Qazlal [......]
Gold:   106        SH:  9    Dex: 14    Spells: 2/2 levels left

rFire    + . .     SeeInvis +   a - +0 war axe
rCold    . . .     Gourm    .   c - +0 kite shield
rNeg     . . .     Faith    .   l - +3 scale mail {rF+}
rPois    .         Spirit   .   (no helmet)
rElec    .         Reflect  .   (no cloak)
rCorr    .         Harm     .   (no gloves)
MR       .....                  (no boots)
Stlth    +.........             (no amulet)
HPRegen  0.09/turn              o - ring of see invisible
MPRegen  0.08/turn              (no ring)

@: mighty
A: thin skeletal structure 1
a: Renounce Religion


You were on level 3 of the Dungeon.
You worshipped Qazlal.
Qazlal was noncommittal.
You were hungry.

You visited 1 branch of the dungeon, and saw 3 of its levels.

You collected 106 gold pieces.

Inventory:

Hand Weapons
 a - a +0 war axe (weapon)
Missiles
 p - 52 poisoned darts (quivered)
Armour
 b - a +0 scale mail
 c - a +0 kite shield (worn)
 l - a +3 scale mail of fire resistance (worn)
Jewellery
 o - a ring of see invisible (left hand)
Wands
 m - a wand of iceblast (9)
 r - a wand of flame (13)
Scrolls
 e - a scroll of blinking {unknown}
 g - 2 scrolls of teleportation {unknown}
 i - a scroll of remove curse
 j - 2 scrolls of enchant weapon
 n - a scroll of identify
 t - a scroll of magic mapping {unknown}
Potions
 d - a potion of might
 h - a potion of brilliance
 k - a potion of mutation {unknown}
 s - a potion of heal wounds {unknown}
Comestibles
 f - 8 rations
 q - 3 chunks of flesh


   Skills:
 * Level 3.4 Fighting
 * Level 2.3 Axes
 * Level 3.2 Armour
 * Level 0.9 Dodging
 - Level 2.6 Shields
 * Level 0.5 Invocations
 * Level 0.1 Evocations


You had 2 spell levels left.
You didn't know any spells.
Your spell library contained the following spells:

 Spells                   Type           Power        Failure   Level  Hunger
 Magic Dart               Conj           #...         100%        1    ##.....
 Blink                    Tloc           N/A          100%        2    ###....
 Call Imp                 Summ           #.......     100%        2    ###....
 Slow                     Hex            #.......     100%        2    ###....
 Conjure Flame            Conj/Fire      #.......     100%        3    ####...
 Mephitic Cloud           Conj/Pois/Air  #.......     100%        3    ####...


Dungeon Overview and Level Annotations

Branches:
Dungeon (3/15)

Altars:
Kikubaaqudgha
Qazlal
Ru
Sif Muna
Vehumet
Zin

Annotations:
D:3 Sigmund


Innate Abilities, Weirdness & Mutations

You have a somewhat thin skeletal structure. (Dex +2, Stealth)


Message History

The puff of flame misses you.
The puff of flame misses the quokka.
The quokka is engulfed in a cloud of scalding steam.
The quokka dies!
You closely miss Sigmund.
Sigmund is moderately wounded.
Sigmund casts a spell at you. The magic dart hits you!
You block Sigmund's attack.
You barely miss Sigmund.
Sigmund is moderately wounded.
Sigmund hits you with a +0 scythe!
* * * LOW HITPOINT WARNING * * *
You feel very mighty all of a sudden.
You closely miss Sigmund.
Sigmund is moderately wounded.
Sigmund hits you but does no damage.
You slice Sigmund!!
Sigmund is almost dead.
Sigmund casts a spell at you. The magic dart hits you!
You die...

###############
#...≈≈....≈.≈(#
#≈≈≈≈...≈@@≈≈≈#
#≈.≈≈≈≈≈≈≈≈≈≈.#
##.≈≈≈≈≈≈≈≈≈≈≈.#
#...≈≈≈≈≈≈≈≈≈(≈#
#####...≈≈≈≈≈.≈≈≈(.#
#.......≈≈≈≈_≈≈≈≈≈.#
#..###..≈≈≈(♣≈≈≈≈.(#
#...##.≈≈≈≈≈≈≈≈≈≈..#
#.#....≈≈≈≈≈≈≈≈≈≈..#


You could see Sigmund (invisible).

Vanquished Creatures
  An adder (D:2)
  A worm (D:2)
  A dart slug (D:2)
  A giant cockroach (D:2)
  4 hobgoblins
  2 jackals (D:3)
  6 kobolds
  A quokka (D:2)
  4 bats
  8 goblins
  6 rats
35 creatures vanquished.

Vanquished Creatures (others)
  A quokka (D:3)
1 creature vanquished.

Grand Total: 36 creatures vanquished

Notes
Turn   | Place    | Note
-------+----------+-------------------------------------------
     0 | D:1      | Allula97 the Demonspawn Fighter began the quest for the
                  | Orb.
     0 | D:1      | Reached XP level 1. HP: 18/18 MP: 1/1
   227 | D:1      | Gained mutation: You have a somewhat thin skeletal
                  | structure. (Dex +2, Stealth) [demonic ancestry]
   227 | D:1      | Reached XP level 2. HP: 22/24 MP: 2/2
   830 | D:2      | Reached XP level 3. HP: 22/29 MP: 3/3
   839 | D:2      | You fall into a shaft and drop 1 floor!
   991 | D:2      | Found a glowing silver altar of Zin.
  1211 | D:2      | Found a stormy altar of Qazlal.
  1233 | D:2      | Became a worshipper of Qazlal Stormbringer
  1482 | D:2      | Found an ancient bone altar of Kikubaaqudgha.
  1497 | D:2      | Found a shimmering blue altar of Sif Muna.
  1499 | D:2      | Found a radiant altar of Vehumet.
  1504 | D:2      | Identified Vehumet's Compendium of Confrontation
  1848 | D:3      | Found a sacrificial altar of Ru.
  1933 | D:3      | Found a faded altar of an unknown god.
  1944 | D:3      | Noticed Sigmund
  1962 | D:3      | Killed from afar by Sigmund

Illustrated notes

Levels and vault maps discovered:
D:1:      zaba_arrival_water, layout_basic, roderic_lattice_a,
          minmay_misc_feat_room
D:2:      layout_basic, grunt_temple_overflow_magic_moments,
          nicolae_overflow_hidden_temple, first_ration,
          nicolae_qazlal_general_emergency
D:3:      layout_rooms, lemuel_doored_altar, chequers_ecumenical_altar_island,
          cheibrodos_gnoll_hut, uniq_ijyb, uniq_sigmund, uniq_crazy_yiuf_cottage

Skill      XL: |  1  2 |
---------------+-------+-----
Axes           | 2 |  2.3
Armour         | 3 |  3.2
Fighting       | |  3.4
Dodging        | |  0.9
Shields        | |  2.6
Invocations    | |  0.5
Evocations     | |  0.1

Action                   || total
-------------------------++-------
Melee: War axe           ||   120
Throw: Dart              ||     6
  Use: Scroll            ||     8
       Potion            ||     2
  Eat: Chunk             ||     3
Armor: Scale mail        ||    53
Dodge: Dodged            ||    42
Block: Kite shield       ||    64
